 Dungeon Crawl Stone Soup version 0.19.4-25-g1b72edd (webtiles) character file.

77 vatarom the Gusty (level 4, -4/24 HPs)
             Began as a Tengu Air Elementalist on Feb 28, 2017.
             Slain by a goblin
             ... wielding a +0 club
             ... led by Robin
              (6 damage)
             ... on level 1 of the Dungeon.
             The game lasted 00:04:22 (1709 turns).

vatarom the Gusty (Tengu Air Elementalist)          Turns: 1709, Time: 00:04:23

Health: -4/24      AC:  2    Str:  9    XL:     4   Next: 33%
Magic:  2/8        EV: 13    Int: 15    God:
Gold:   42         SH:  0    Dex: 15    Spells: 3 memorised, 2 levels left

rFire  . . .     SeeInvis .     (no weapon)
rCold  . . .     Gourm    .     a - +0 robe
rNeg   . . .     Faith    .     (no shield)
rPois  .         Spirit   .     (helmet restricted)
rElec  .         Reflect  .     (no cloak)
rCorr  .         Harm     .     (no gloves)
MR     .....                    (boots unavailable)
Stlth  ++........               (no amulet)
                                (no ring)
                                (no ring)

@: no status effects
A: beak, talons 3
a: no special abilities


You were on level 1 of the Dungeon.
You were hungry.

You visited 1 branch of the dungeon, and saw 2 of its levels.

You collected 42 gold pieces.

Inventory:

Armour
 a - a +0 robe (worn)
Scrolls
 d - a scroll of teleportation
 e - a scroll of remove curse
 h - a scroll of fog
Books
 b - a book of Air

   Spells                             Type                      Level
   a - Shock                          Conjuration/Air              1
   b - Swiftness                      Charms/Air                   2
   c - Repel Missiles                 Charms/Air                   2
   d - Static Discharge               Conjuration/Air              3
   e - Lightning Bolt                 Conjuration/Air              5
Comestibles
 c - a bread ration
 f - 2 meat rations
 g - a royal jelly


   Skills:
 - Level 2.1 Dodging
 - Level 2.0 Stealth
 - Level 2.0 Spellcasting
 - Level 1.3 Conjurations
 + Level 6.6 Air Magic


You had 2 spell levels left.
You knew the following spells:

 Your Spells              Type           Power        Failure   Level  Hunger
a - Shock                 Conj/Air       ##..         4%          1    #......
b - Repel Missiles        Chrm/Air       ##....       12%         2    ###....
c - Swiftness             Chrm/Air       ##......     12%         2    ###....


Dungeon Overview and Level Annotations

Branches:
Dungeon (2/15)

Altars:

Annotations:
D:2 Robin, Terence


Innate Abilities, Weirdness & Mutations

You have a beak for a mouth.
You have claws for feet.


Message History

You hit the goblin.
The goblin is heavily wounded.
The goblin no longer looks unusually strong.
The frilled lizard closely misses you.
The goblin hits you with an uncursed dagger.
* * * LOW HITPOINT WARNING * * *
Robin roars a battlecry!
The goblins go into a battle-frenzy!
Unknown command.
Unknown command.
The goblin hits you but does no damage. The frilled lizard barely misses you.
The goblin hits you but does no damage.
You climb upwards.
There is a stone staircase leading down here.
Unknown command.
The goblin closely misses you. The frilled lizard bites you.
* * * LOW HITPOINT WARNING * * *
The goblin hits you with a club.
You die...

#...................
#...................
#...........########
#...........#
#...........######
#................#
#............#####
#..)g........#
##..@g.......(#
#....l>.......######
#.....)............#
#.##........#......#
#.##...............#
#.##........#......#
#.##........#......##
#.##........#........
#.##........#........


You could see 2 goblins and a frilled lizard.

Vanquished Creatures
  A gnoll (D:1)
  An ooze (D:1)
  A dart slug (D:1)
  3 leopard geckos (D:1)
  2 giant cockroaches (D:1)
  5 hobgoblins
  5 jackals (D:1)
  2 quokkas (D:2)
  2 ball pythons
  6 bats
  4 frilled lizards (D:1)
  11 goblins
  3 kobolds
  6 rats
52 creatures vanquished.

Notes
Turn   | Place    | Note
-------+----------+-------------------------------------------
     0 | D:1      | vatarom the Tengu Air Elementalist began the quest for the Orb.
     0 | D:1      | Reached XP level 1. HP: 10/10 MP: 4/4
   207 | D:1      | Reached XP level 2. HP: 9/15 MP: 3/6
   330 | D:1      | Reached skill level 5 in Air Magic
   353 | D:1      | Learned a level 2 spell: Repel Missiles
   356 | D:1      | Learned a level 2 spell: Swiftness
   529 | D:1      | Reached XP level 3. HP: 19/19 MP: 3/7
   825 | D:1      | Reached skill level 6 in Air Magic
  1205 | D:1      | Reached XP level 4. HP: 24/24 MP: 6/8
  1664 | D:2      | Noticed Robin
  1671 | D:2      | Noticed Terence
  1709 | D:1      | Slain by a goblin

Skill      XL: |  1  2  3 |
---------------+----------+-----
Air Magic      | 5 6 |  6.6
Dodging        | |  2.1
Stealth        | |  2.0
Spellcasting   | |  2.0
Conjurations   | |  1.3

Action                   |  1- 3 |  4- 6 || total
-------------------------+-------+-------++-------
Melee: Unarmed           |    12 |    10 ||    22
       Kick              |     3 |     4 ||     7
 Cast: Shock             |    54 |    26 ||    80
  Use: Scroll            |     3 |     1 ||     4
       Potion            |     2 |       ||     2
  Eat: Chunk             |     2 |     1 ||     3
Armor: Robe              |     5 |     2 ||     7
Dodge: Dodged            |    20 |    13 ||    33
